 Dungeon Crawl Stone Soup version 0.20.0-8-g6b59dc7 (webtiles) character file.

46 straycat the Covered (level 3, -12/27 HPs)
             Began as a Vampire Wanderer on May 30, 2017.
             Killed by miscasting Vampiric Draining (28 damage)
             ... on level 2 of the Dungeon.
             The game lasted 00:09:36 (1437 turns).

straycat the Covered (Vampire Wanderer)             Turns: 1437, Time: 00:09:37

Health: -12/27     AC:  5    Str: 14    XL:     3   Next: 46%
Magic:  0/5        EV: 10    Int: 12    God:
Gold:   49         SH:  3    Dex: 13    Spells: 0/4 levels left

rFire    . . .     SeeInvis +   d - +0 club
rCold    + . .     Gourm    .   m - +0 buckler
rNeg     + + .     Faith    .   b - +0 ring mail
rPois    +         Spirit   .   (no helmet)
rElec    .         Reflect  .   (no cloak)
rCorr    .         Harm     .   (no gloves)
MR       .....                  (no boots)
Stlth    ++........             (no amulet)
Regen    0.1/turn               (no ring)
MPRegen  0.1/turn               (no ring)

@: lethally poisoned (-12 -> -16), very slightly contaminated, regenerating
slowly
A: fangs 3, see invisible, unbreathing
a: Bat Form


You were on level 2 of the Dungeon.
You were near bloodless.

You visited 1 branch of the dungeon, and saw 2 of its levels.

You collected 49 gold pieces.

Inventory:

Hand Weapons
 d - a +0 club (weapon)
 k - a +0 dagger
Missiles
 g - 45 stones (quivered)
 j - 12 sling bullets
Armour
 b - a +0 ring mail (worn)
 l - a +0 shield
 m - a +0 buckler (worn)
Scrolls
 c - a scroll of teleportation
 f - a scroll of fear {unknown}
 h - a scroll of identify {unknown}
 i - a scroll of noise {unknown}
Potions
 e - 8 potions of blood
Books
 a - a book of Necromancy

   Spells                             Type                      Level
   a - Pain                           Necromancy                   1
   b - Animate Skeleton               Necromancy                   1
   c - Vampiric Draining              Necromancy                   3
   d - Regeneration                   Charms/Necromancy            3
   e - Animate Dead                   Necromancy                   4
   f - Control Undead                 Necromancy                   4


   Skills:
 * Level 1.8 Fighting
   Level 1.0 Crossbows
 + Level 2.7 Armour
 * Level 1.4 Dodging
 + Level 1.6 Stealth
 + Level 0.0 Shields
 + Level 1.4 Spellcasting
 - Level 1.1 Necromancy
   Level 1.0 Fire Magic
   Level 1.7 Evocations


You couldn't memorise any spells.
You knew the following spells:

 Your Spells              Type           Power        Failure   Level  Hunger
a - Animate Skeleton      Necr           N/A          52%         1    ##.....
b - Vampiric Draining     Necr           #.........   88%         3    ####...


Dungeon Overview and Level Annotations

Branches:
Dungeon (2/15)

Altars:


Innate Abilities, Weirdness & Mutations

You heal slowly.
You have razor-sharp teeth.
You have supernaturally acute eyesight. (SInv)
You can survive without breathing.


Message History

Casting: Vampiric Draining
Confirm with . or Enter, or press ? or * to list all spells.
You don't have enough magic to cast that spell.
You feel sick.
You see here a chunk of flesh.
You block the adder's attack.
Casting: Vampiric Draining
Confirm with . or Enter, or press ? or * to list all spells.
You don't have enough magic to cast that spell.
You feel sick.
Casting: Vampiric Draining
Confirm with . or Enter, or press ? or * to list all spells.
The spell is very dangerous to cast!
Continue anyway?
Aiming: Vampiric Draining
Press: ? - help, Shift-Dir - straight line, f/p - adder
Aim: an adder (moderately wounded)
You miscast Vampiric Draining.
You convulse helplessly as pain tears through your body!
Ouch! That really hurt!
You die...

........#>.......
#......<#...?##
#.###.#.# ..S#
#.#.# ..# #.#.#
.# #.#.# # #%#.#
#.#.# #.#@# #.#S#
#.S.# #####


You could see 2 adders.

Vanquished Creatures
  An adder (D:1)
  2 dart slugs (D:1)
  3 giant cockroaches (D:1)
  5 goblins (D:1)
  5 hobgoblins (D:1)
  2 jackals (D:1)
  3 kobolds (D:1)
  A ball python (D:1)
  3 bats (D:1)
  4 frilled lizards (D:1)
  2 rats
31 creatures vanquished.

Vanquished Creatures (collateral kills)
  2 goblins (D:1)
  A ball python (D:1)
3 creatures vanquished.

Grand Total: 34 creatures vanquished

Notes
Turn   | Place    | Note
-------+----------+-------------------------------------------
     0 | D:1      | straycat the Vampire Wanderer began the quest for the Orb.
     0 | D:1      | straycat set off with: a book of Necromancy, a +0 ring mail, a scroll of teleportation, a +0 club, a potion of blood
     0 | D:1      | Reached XP level 1. HP: 15/15 MP: 2/2
     2 | D:1      | Learned a level 1 spell: Animate Skeleton
   435 | D:1      | Reached XP level 2. HP: 11/21 MP: 3/3
   610 | D:1      | Reached skill level 1 in Stealth
   859 | D:1      | Reached skill level 1 in Dodging
   937 | D:1      | Reached XP level 3. HP: 26/27 MP: 2/5
  1373 | D:1      | Learned a level 3 spell: Vampiric Draining
  1437 | D:2      | Killed by miscasting Vampiric Draining

Skill      XL: |  1  2 |
---------------+-------+-----
Stealth        | 1 |  1.6
Dodging        | 1 |  1.4
Fighting       | |  1.8
Crossbows      | |  1.0
Armour         | |  2.7
Spellcasting   | |  1.4
Necromancy     | |  1.1
Fire Magic     | |  1.0
Evocations     | |  1.7

Action                   || total
-------------------------++-------
Melee: Club              ||   125
       Bite              ||    15
 Cast: Animate Skeleton  ||    11
 Stab: Sleeping          ||     2
Armor: Ring mail         ||    51
Dodge: Dodged            ||    65
Block: Buckler           ||     6
